 Dungeon Crawl Stone Soup version 0.26-a0-597-gb535b0901c (webtiles) character file.

Game seed: 8636500536720219754

1851 Apogee the Thaumaturge (level 9, -8/65 HPs)
             Began as a Gnoll Hedge Wizard on Sept 15, 2020.
             Was an Initiate of Cheibriados.
             Mangled by an orc warrior
             ... wielding a +0 glaive
              (18 damage)
             ... on level 6 of the Dungeon.
             The game lasted 00:19:46 (9533 turns).

Apogee the Thaumaturge (Gnoll Hedge Wizard)         Turns: 9533, Time: 00:19:47

Health: -8/65      AC:  3    Str: 14    XL:     9   Next: 12%
Magic:  14/21      EV: 16    Int: 20    God:    Cheibriados [......]
Gold:   286        SH:  0    Dex: 16    Spells: 16/24 levels left

rFire    . . .     SeeInvis .   r - +2 dagger (drain)
rCold    . . .     Faith    .   (no shield)
rNeg     . . .     Spirit   .   b - +0 robe
rPois    .         Reflect  .   c - +0 hat
rElec    .         Harm     .   (no cloak)
rCorr    .                      (no gloves)
MR       .....                  e - +0 pair of boots
Stlth    +++.......             (no amulet)
HPRegen  0.20/turn              (no ring)
MPRegen  0.17/turn              (no ring)

@: studying Short Blades, very slow
A: distributed training, fangs 1, strong nose
a: Bend Time, Renounce Religion


You were on level 6 of the Dungeon.
You worshipped Cheibriados.
Cheibriados was noncommittal.
You visited 1 branch of the dungeon, and saw 6 of its levels.
You also visited: Sewer.

You collected 286 gold pieces.

Inventory:

Hand Weapons
 a - a +0 dagger
 r - a +2 dagger of draining (weapon)
   (You took it off a big kobold in a sewer)
Missiles
 i - 332 stones (quivered)
 v - 7 poisoned darts
Armour
 b - a +0 robe (worn)
 c - a +0 hat (worn)
 e - a +0 pair of boots (worn)
   (You found it on level 1 of the Dungeon)
Wands
 d - a wand of iceblast (7)
   (You took it off Ijyb on level 5 of the Dungeon)
 t - a wand of flame (19)
   (You found it on level 6 of the Dungeon)
 x - a wand of acid (11)
   (You found it on level 5 of the Dungeon)
Scrolls
 f - 3 scrolls of immolation {unknown}
 j - 10 scrolls of identify {@r1}
 l - a scroll of remove curse {unknown}
 m - a scroll of amnesia {unknown}
 n - 2 scrolls of fog {unknown}
 o - 2 scrolls of fear {unknown}
 p - a scroll of enchant weapon {unknown}
 w - 2 scrolls of blinking {unknown}
 A - 2 scrolls of random uselessness {unknown}
 B - a scroll of noise {unknown}
 E - 7 scrolls of teleportation {@r4}
 G - a scroll of magic mapping {unknown}
Potions
 g - 3 potions of curing {@q1}
 h - 5 potions of flight {unknown}
 k - a potion of haste {@q3}
 q - 2 potions of stabbing {unknown}
 s - 2 potions of might {unknown}
 u - a potion of brilliance {unknown}
 z - a potion of invisibility {unknown}
 C - a potion of lignification {unknown}
 D - a potion of resistance {unknown}
 F - 4 potions of heal wounds {unknown}
Books
 y - a manual of Short Blades {!d}
   (You found it on level 5 of the Dungeon)


   Skills:
 + Level 3.9 Fighting
 + Level 4.4 Short Blades
 + Level 3.9 Long Blades
 + Level 3.9 Axes
 + Level 3.9 Maces & Flails
 + Level 3.9 Polearms
 + Level 3.9 Staves
 + Level 3.9 Slings
 + Level 3.9 Bows
 + Level 3.9 Crossbows
 + Level 3.9 Throwing
 + Level 3.9 Armour
 + Level 6.1 Dodging
 + Level 5.8 Stealth
 + Level 3.9 Shields
 + Level 3.9 Unarmed Combat
 + Level 8.2 Spellcasting
 + Level 3.9 Conjurations
 + Level 3.2 Hexes
 + Level 3.9 Summonings
 + Level 3.2 Necromancy
 + Level 3.9 Translocations
 + Level 3.2 Transmutations
 + Level 3.2 Fire Magic
 + Level 3.2 Ice Magic
 + Level 3.2 Air Magic
 + Level 3.2 Earth Magic
 + Level 3.2 Poison Magic
 + Level 4.3 Invocations
 + Level 3.9 Evocations


You had 16 spell levels left.
You knew the following spells:

 Your Spells              Type           Power        Failure   Level
a - Magic Dart            Conj           ###.         1%          1
b - Blink                 Tloc           N/A          2%          2
f - Mephitic Cloud        Conj/Pois/Air  ###.....     6%          3
x - Call Imp              Summ           ###.....     2%          2

Your spell library contained the following spells:

 Spells                   Type           Power        Failure   Level
 Slow                     Hex            ###.....     3%          2
 Conjure Flame            Conj/Fire      ###.....     5%          3


Dungeon Overview and Level Annotations

Branches:
Dungeon (6/15)              Sewer (visited)
 Temple: D:4-7

Altars:
Cheibriados
Gozag
Qazlal
Uskayaw
Xom

Shops:
D:5 *

Annotations:
D:4 1 runed translucent door, sinister's ghost, amateur MiFi


Innate Abilities, Weirdness & Mutations

Your experience applies equally to all skills.
You have very sharp teeth.
Your uncanny sense of smell can sniff out nearby items.


Message History

Deactivating autopickup; reactivate with Ctrl-A.
The orc warrior barely misses you.
The orc priest shouts!
Your shadow imp hits something but does no damage.
The orc warrior closely misses you.
Your crimson imp blinks!
Your crimson imp closely misses something.
Unknown command.
The orc priest closely misses your shadow imp.
Something misses your crimson imp. The orc warrior closely misses you.
Your crimson imp blinks!
Your shadow imp barely misses something.
A beastly little devil appears in a puff of flame.
The orc priest hits your shadow imp with a +0 mace of protection.
The orc warrior hits you from afar with a +0 glaive!
* * * LOW HITPOINT WARNING * * *
Your crimson imp hits the orc priest but does no damage.
The orc warrior barely misses you.
You swap places.
Your shadow imp hits something but does no damage.
A sky beast appears from thin air!
Reactivating autopickup.
Your crimson imp hits the orc warrior but does no damage.
The orc priest barely misses your shadow imp.
Something barely misses your crimson imp.
The orc warrior misses you.
Your shadow imp closely misses the orc priest.
Your crimson imp blinks!
The orc warrior hits your crimson imp with a +0 glaive!!
Your crimson imp dies!
The orc priest looks braver for a moment.
The orc priest hits your shadow imp with a +0 mace of protection.
Your shadow imp misses the orc priest.
Aim: an orc priest, wielding a +0 club The bolt of acid misses the orc warrior.
The bolt of acid hits the sky beast!!
The sky beast is splashed with acid.
The bolt of acid hits the orc priest!
The orc priest is splashed with acid.
The acid corrodes the orc priest!
You kill the orc priest!
Cheibriados appreciates the change of pace.
The orc priest mumbles some strange prayers to Beogh against you.
Beogh smites you!
* * * LOW HITPOINT WARNING * * *
The orc warrior barely misses you.
Aim: an orc warrior, wielding a +0 glaive and wearing a +0 plate armour (fast)
The bolt of acid hits the orc warrior!
The orc warrior is splashed with acid.
The acid corrodes the orc warrior!
The orc warrior hits you from afar with a +0 glaive!!
You die...

#.[##.#...(..#.#...
#.....#.#......#.#
#..##≈.......#...#
#..##.#.##.#.#.#.#
#..............# ..
#..##.###.##o#.# #
#.......o...5....
#..####.###.##.#.#
#.@####.###.##.#.#
#...oY.5.o5.......
##################


You could see an orc warrior (fast, corroded), a sky beast, an orc priest and a
friendly shadow imp (summoned).

Vanquished Creatures
  A yak (D:5)
  Menkaure (D:5)
  Edmund (D:5)
  An orc warrior (D:5)
  2 sky beasts
  2 big kobolds (Sewer)
  A hound (D:5)
  2 orc priests
  An iguana (D:4)
  4 orc wizards
  A worker ant (D:5)
  7 adders
  A river rat (D:4)
  2 oozes
  5 worms
  3 dart slugs
  14 orcs
  6 bats
  3 giant cockroaches
  5 goblins
  7 hobgoblins
  3 jackals (D:2)
  11 kobolds
  A quokka (D:2)
  3 ball pythons
  10 frilled lizards
  A giant cockroach zombie (D:5)
  2 quokka skeletons
  14 rats
115 creatures vanquished.

Vanquished Creatures (collateral kills)
  Grinder (D:5)
  Sigmund (D:3)
  Duvessa (D:4)
  An ice beast (D:5)
  3 ogres
  4 big kobolds (Sewer)
  A scorpion (D:5)
  Dowan (D:4)
  An orc priest (D:5)
  Ijyb (D:5)
  A worker ant (D:5)
  A hound zombie (D:6)
  A mummy (D:5)
  A worker ant zombie (D:5)
  An adder (D:4)
  An adder skeleton (D:4)
  A worm (D:6)
  2 orcs (D:5)
  A hobgoblin (D:3)
  3 kobolds (Sewer)
28 creatures vanquished.

Grand Total: 143 creatures vanquished

Notes
Turn   | Place    | Note
-------+----------+-------------------------------------------
     0 | D:1      | Apogee the Gnoll Hedge Wizard began the quest for the Orb.
     0 | D:1      | Reached XP level 1. HP: 13/13 MP: 8/8
   206 | D:1      | Reached XP level 2. HP: 19/19 MP: 5/10
  1164 | D:2      | Reached XP level 3. HP: 25/25 MP: 6/11
  1813 | D:2      | Reached skill level 1 in Invocations
  2296 | D:2      | Reached skill level 1 in Fighting
  2296 | D:2      | Reached skill level 1 in Short Blades
  2296 | D:2      | Reached skill level 1 in Long Blades
  2296 | D:2      | Reached skill level 1 in Axes
  2296 | D:2      | Reached skill level 1 in Maces & Flails
  2296 | D:2      | Reached skill level 1 in Polearms
  2296 | D:2      | Reached skill level 1 in Staves
  2296 | D:2      | Reached skill level 1 in Slings
  2296 | D:2      | Reached skill level 1 in Bows
  2296 | D:2      | Reached skill level 1 in Crossbows
  2296 | D:2      | Reached skill level 1 in Throwing
  2296 | D:2      | Reached skill level 1 in Armour
  2296 | D:2      | Reached skill level 1 in Shields
  2296 | D:2      | Reached skill level 1 in Unarmed Combat
  2296 | D:2      | Reached skill level 1 in Evocations
  2296 | D:2      | Reached XP level 4. HP: 32/32 MP: 5/13
  2452 | D:3      | Reached skill level 1 in Hexes
  2452 | D:3      | Reached skill level 1 in Necromancy
  2452 | D:3      | Reached skill level 1 in Transmutations
  2452 | D:3      | Reached skill level 1 in Fire Magic
  2452 | D:3      | Reached skill level 1 in Ice Magic
  2452 | D:3      | Reached skill level 1 in Air Magic
  2452 | D:3      | Reached skill level 1 in Earth Magic
  2452 | D:3      | Reached skill level 1 in Poison Magic
  2638 | D:3      | Found a faded altar of an unknown god.
  3171 | D:3      | Reached XP level 5. HP: 37/37 MP: 10/14
  3175 | D:3      | Learned a level 2 spell: Blink
  3178 | D:3      | Learned a level 2 spell: Call Imp
  3197 | D:3      | Noticed Sigmund
  3212 | D:3      | Killed Sigmund
  3381 | D:3      | Reached XP level 6. HP: 27/44 MP: 5/16
  3597 | D:4      | Noticed Duvessa
  3597 | D:4      | Noticed Dowan
  3898 | D:4      | Found a runed translucent door.
  3908 | D:4      | Noticed sinister's ghost (amateur MiFi)
  3965 | D:4      | Reached skill level 5 in Dodging
  4180 | D:4      | Found a glowing drain.
  4184 | Sewer    | Entered a sewer
  4554 | Sewer    | Reached XP level 7. HP: 38/50 MP: 9/18
  5166 | D:4      | Reached skill level 5 in Stealth
  5399 | D:4      | Found a stormy altar of Qazlal.
  5513 | D:4      | Killed Dowan
  5800 | D:4      | Killed Duvessa
  5897 | D:4      | Found a shimmering altar of Xom.
  5897 | D:4      | Found an opulent altar of Gozag.
  6666 | D:5      | Entered Level 5 of the Dungeon
  6953 | D:5      | Noticed Edmund
  6974 | D:5      | Killed Edmund
  6974 | D:5      | Reached XP level 8. HP: 21/57 MP: 6/19
  7306 | D:5      | Found Muteneo's General Store.
  7325 | D:5      | Learned a level 3 spell: Mephitic Cloud
  7465 | D:5      | Noticed a yak
  7482 | D:5      | Killed a yak
  7726 | D:5      | Reached skill level 8 in Spellcasting
  8233 | D:5      | Noticed Grinder
  8294 | D:5      | Paralysed by Grinder for 2 turns
  8300 | D:5      | Killed Grinder
  8589 | D:5      | Noticed Menkaure
  8625 | D:5      | Killed Menkaure
  8666 | D:5      | Noticed Ijyb
  8672 | D:5      | Killed Ijyb
  8681 | D:5      | Found a hide-covered altar of Uskayaw.
  8851 | D:5      | Reached XP level 9. HP: 65/65 MP: 13/21
  8937 | D:5      | Found a snail-covered altar of Cheibriados.
  8957 | D:5      | Became a worshipper of Cheibriados the Contemplative
  9533 | D:6      | Mangled by an orc warrior

Illustrated notes

Levels and vault maps discovered:
D:1:      matt_arrival_spirals, layout_basic, minivault_25,
          chequers_serial_rivers_large_a
D:2:      layout_loops_ring
D:3:      layout_basic, chequers_ecumenical_altar_twisty, uniq_sigmund
D:4:      layout_loops_corners, grunt_qazlal_clouds,
          gammafunk_temple_overflow_pools, lightli_sewer_entry_pipes,
          ebering_ghost_sewer_d, minmay_misc_feat_diagonals, uniq_duvessa
D:5:      layout_loops_ring, slow_altar_2, lemuel_coloured_pillars_altar,
          serial_shops, nicolae_shop_behind_doors, minmay_manual_mandibuliform,
          uniq_edmund, uniq_ijyb, uniq_grinder, uniq_menkaure
D:6:      layout_loops_cross, minmay_temple_entry_proselytizer, serial_shops,
          nicolae_shop_stone, corexii_checkpoint_a, minmay_diced_spiral,
          uniq_pikel

Skill      XL: |  1  2  3  4  5  6  7  8 |
---------------+-------------------------+-----
Conjurations   | 2 3 |  3.9
Summonings     | 2 3 |  3.9
Translocations | 2 3 |  3.9
Invocations    | 1 2 3 4 |  4.3
Fighting       | 1 2 3 |  3.9
Short Blades   | 1 2 4 |  4.4
Long Blades    | 1 2 3 |  3.9
Axes           | 1 2 3 |  3.9
Maces & Flails | 1 2 3 |  3.9
Polearms       | 1 2 3 |  3.9
Staves         | 1 2 3 |  3.9
Slings         | 1 2 3 |  3.9
Bows           | 1 2 3 |  3.9
Crossbows      | 1 2 3 |  3.9
Throwing       | 1 2 3 |  3.9
Armour         | 1 2 3 |  3.9
Shields        | 1 2 3 |  3.9
Unarmed Combat | 1 2 3 |  3.9
Evocations     | 1 2 3 |  3.9
Hexes          | 1 2 3 |  3.2
Necromancy     | 1 2 3 |  3.2
Transmutations | 1 2 3 |  3.2
Fire Magic     | 1 2 3 |  3.2
Ice Magic      | 1 2 3 |  3.2
Air Magic      | 1 2 3 |  3.2
Earth Magic    | 1 2 3 |  3.2
Poison Magic   | 1 2 3 |  3.2
Dodging        | 5 6 |  6.1
Stealth        | 5 |  5.8
Spellcasting   | 8 |  8.2

Action                   |  1- 3 |  4- 6 |  7- 9 || total
-------------------------+-------+-------+-------++-------
Melee: Dagger            |    16 |    52 |   145 ||   213
       Bite              |     2 |     9 |    15 ||    26
       Punch             |       |       |     2 ||     2
Throw: Stone             |    14 |       |       ||    14
 Cast: Magic Dart        |   113 |   141 |    48 ||   302
       Call Imp          |       |    17 |    94 ||   111
       Blink             |       |     1 |     2 ||     3
       Mephitic Cloud    |       |       |     3 ||     3
Evoke: Wand              |       |       |     2 ||     2
  Use: Scroll            |       |     2 |       ||     2
 Stab: Sleeping          |       |     3 |     2 ||     5
       Distracted        |       |     1 |     2 ||     3
       Confused          |       |       |     2 ||     2
Armor: Robe              |     4 |    12 |    24 ||    40
Dodge: Dodged            |    29 |    62 |   119 ||   210

Table legend: (Time is in decaauts)
 A = Elapsed time spent in this place.
 B = Non-inter-level travel time spent in this place.
 C = Inter-level travel time spent in this place.
 D = Time resting spent in this place.
 E = Time spent auto-exploring this place.
 F = Levels seen in this place.
 G = Mean time per level.
                   A        B        C        D        E       F      G
               +--------+--------+--------+--------+--------+-----+--------+
         Total |   9661 |   9126 |    535 |   1419 |   5986 |   7 | 1380.1 |
       Dungeon |   8990 |   8455 |    535 |   1329 |   5601 |   6 | 1498.3 |
         Sewer |    670 |    670 |      0 |     90 |    385 |   1 |  670.0 |
               +--------+--------+--------+--------+--------+-----+--------+

Top non-repeatable levels by time:
     D:4: 2664 daAuts
     D:5: 2029 daAuts
     D:2: 1432 daAuts
     D:3: 1428 daAuts
     D:1: 1117 daAuts
   Sewer: 670 daAuts
     D:6: 317 daAuts
